 Dungeon Crawl Stone Soup version 0.30-a0-358-g0d69a1922f (webtiles) character file.

Game seed: 5311076608026350694

39 jlumianski the Insei (level 3, -1/26 HPs)
             Began as a Demonspawn Transmuter on Nov 9, 2022.
             Killed from afar by a dart slug (3 damage)
             ... with a slug dart
             ... on level 2 of the Dungeon.
             The game lasted 00:06:27 (1644 turns).

jlumianski the Insei (Demonspawn Transmuter)        Turns: 1644, Time: 00:06:28

Health: -1/26      AC:  4    Str: 12    XL:     3   Next: 28%
Magic:  6/6        EV: 14    Int: 14    God:
Gold:   69         SH:  0    Dex: 13    Spells: 5/6 levels left

rFire   . . .      SeeInvis .      - Unarmed
rCold   . . .      Faith    .    (no shield)
rNeg    . . .      Spirit   .    a - +0 robe
rPois   .          Reflect  .    (no helmet)
rElec   .          Harm     .    (no cloak)
rCorr   .          Rampage  .    k - +1 pair of gloves
Will    .....                    (no boots)
Stlth   +.........               (no amulet)
HPRegen 0.24/turn                (no ring)
MPRegen 0.10/turn                (no ring)

@: no status effects
A: repulsion field 1
a: no special abilities


You were on level 2 of the Dungeon.
You visited 1 branch of the dungeon, and saw 2 of its levels.

You collected 69 gold pieces.

Inventory:

Missiles
 l - 6 poisoned darts
Armour
 a - a +0 robe (worn)
 k - a +1 pair of gloves (worn)
Scrolls
 c - a scroll of poison {unknown}
 d - 4 scrolls of identify {unknown}
 f - a scroll of vulnerability {unknown}
 g - a scroll of butterflies {unknown}
 h - a scroll of summoning {unknown}
 i - a scroll of torment {unknown}
 j - 2 scrolls of teleportation {unknown}
Potions
 b - a potion of lignification
 e - a potion of mutation {unknown}
 m - a potion of curing {unknown}


   Skills:
 + Level 1.0 Fighting
 + Level 2.3 Dodging
 + Level 0.3 Stealth
 + Level 3.3 Unarmed Combat
 + Level 2.1 Spellcasting
 + Level 2.0 Transmutations


You had 5 spell levels left.
You knew the following spells:

 Your Spells              Type           Power      Damage    Failure   Level
a - Beastly Appendage     Tmut           14%        N/A       11%         1

Your spell library contained the following spells:

 Spells                   Type           Power      Damage    Failure   Level
 Wereblood                Tmut           7%         N/A       16%         2
 Spider Form              Tmut/Pois      4%         N/A       43%         3
 Frozen Ramparts          Ice            2%         1d1       56%         3
 Ice Form                 Ice/Tmut       4%         N/A       83%         4
 Summon Ice Beast         Ice/Summ       1%         N/A       93%         4


Dungeon Overview and Level Annotations

Branches:
Dungeon (2/15)

Altars:

Shops:
D:1 (


Innate Abilities, Weirdness & Mutations

You are surrounded by a mild repulsion field. (EV +2)


Message History

The slug dart hits you but does no damage.
The dart slug misses you. The dart slug bites you. The dart slug bites you.
The dart slug bites you but does no damage.
The dart slug misses you. The dart slug misses you.
The dart slug closely misses you. The dart slug closely misses you.
The dart slug bites you. The dart slug launches a dart at you.
The slug dart hits you. The dart slug misses you. The dart slug bites you.
The dart slug bites you. The dart slug closely misses you.
The dart slug launches a dart at you. The slug dart hits you.
The dart slug launches a dart at you. The slug dart hits you.
The dart slug misses you.
The dart slug bites you but does no damage.
The dart slug launches a dart at you. The slug dart hits you.
* * * LOW HITPOINT WARNING * * *
The dart slug completely misses you. The dart slug launches a dart at you.
The slug dart hits you.
* * * LOW HITPOINT WARNING * * *
The dart slug bites you.
* * * LOW HITPOINT WARNING * * *
The dart slug barely misses you. The dart slug barely misses you.
The dart slug closely misses you. The dart slug launches a dart at you.
The slug dart hits you.
* * * LOW HITPOINT WARNING * * *
The dart slug launches a dart at you. The slug dart hits you.
You die...

#.##.#
###########
#.##.#
#.##.#
#.##.#
#.##.# #
#.##.#
#.##.##.#
#.......#
##
####@#..#
#. #w#..#
#. #.# .#
... .# ###
# . .


You could see a dart slug.

Vanquished Creatures
  3 bats (D:1)
  4 endoplasms (D:1)
  3 giant cockroaches (D:1)
  A goblin (D:2)
  4 hobgoblins
  4 jackals (D:1)
  4 kobolds
  2 quokkas (D:1)
  2 ball pythons (D:1)
  4 frilled lizards (D:1)
  A rat (D:1)
32 creatures vanquished.

Notes
Turn   | Place    | Note
-------+----------+-------------------------------------------
     0 | D:1      | jlumianski the Demonspawn Transmuter began the quest for
                  | the Orb.
     0 | D:1      | Reached XP level 1. HP: 15/15 MP: 3/3
   318 | D:1      | Gained mutation: You are surrounded by a mild repulsion
                  | field. (EV +2) [demonic ancestry]
   318 | D:1      | Reached XP level 2. HP: 17/21 MP: 5/5
   387 | D:1      | Reached skill level 3 in Unarmed Combat
   563 | D:1      | Found Merott's Weapon Boutique.
   871 | D:1      | Reached XP level 3. HP: 20/26 MP: 6/6
  1644 | D:2      | Killed from afar by a dart slug

Illustrated notes

Levels and vault maps discovered:
D:1:      minmay_arrival_loop, layout_loops_corners, serial_shops,
          shop_fountains
D:2:      layout_loops_ring, basic_altar, due_unseen_surprise

Skill      XL: |  1  2 |
---------------+-------+-----
Dodging        | 2 |  2.3
Unarmed Combat | 3 |  3.3
Transmutations | 2 |  2.0
Fighting       | |  1.0
Stealth        | |  0.3
Spellcasting   | |  2.1

Action                   || total
-------------------------++-------
Melee: Unarmed           ||   153
       Punch             ||     2
Armor: Robe              ||    41
Dodge: Dodged            ||   181

Table legend: (Time is in decaauts)
 A = Elapsed time spent in this place.
 B = Non-inter-level travel time spent in this place.
 C = Inter-level travel time spent in this place.
 D = Time resting spent in this place.
 E = Time spent auto-exploring this place.
 F = Levels seen in this place.
 G = Mean time per level.
                   A        B        C        D        E       F      G
               +--------+--------+--------+--------+--------+-----+--------+
         Total |   1635 |   1589 |     46 |     44 |    841 |   2 |  817.5 |
       Dungeon |   1635 |   1589 |     46 |     44 |    841 |   2 |  817.5 |
               +--------+--------+--------+--------+--------+-----+--------+

Top non-repeatable levels by time:
     D:1: 1257 daAuts
     D:2: 377 daAuts
